 Dungeon Crawl Stone Soup version 0.30-b1-2-g02819fbbbe (webtiles) character file.

Game seed: 12136392245706203872

270 Fartwhistle the Changer (level 6, -2/51 HPs)
             Began as a Naga Transmuter on June 6, 2023.
             Slain by Vorhees's ghost (13 damage)
             ... on level 3 of the Dungeon.
             The game lasted 00:05:56 (2930 turns).

Fartwhistle the Changer (Naga Transmuter)           Turns: 2930, Time: 00:05:56

Health: -2/51      AC:  2    Str: 12    XL:     6   Next: 22%
Magic:  9/11       EV: 19    Int: 16    God:
Gold:   140        SH:  0    Dex: 16    Spells: 5/11 levels left

rFire   . .          .
                       - Unarmed
rCold   . . .        (shield currently unavailable)
rNeg    . . .        a - melded +0 robe
rPois   x            (helmet currently unavailable)
rElec   .            (cloak currently unavailable)
rCorr   +            q - melded +1 Delatra's gloves {ID++}
SInv    +            (no barding)
Will    .....        (no amulet)
Stlth   +            l - ring of resist corrosion
HPRegen 0.28/turn    (no ring)
MPRegen 0.12/turn

%: no passive effects
@: spider-form
A: venomous fangs, AC +2, tiny, see invisible, (deformed body), (poison
resistance), (slowness 2), spit poison 1, (naga tail 1)
a: Spit Poison, End Transformation


You were on level 3 of the Dungeon.
You were a venomous arachnid creature.
You visited 1 branch of the dungeon, and saw 3 of its levels.

You collected 140 gold pieces.

Inventory:

Armour
 a - a +0 robe (melded)
 q - the +1 Delatra's gloves (melded) {ID++}
   (You found it on level 2 of the Dungeon)

   ID++:      It heals its wearer when they drink unknown potions, and restores
   their MP when they read unknown scrolls.
Jewellery
 l - a ring of resist corrosion (left front pincers)
Wands
 s - a wand of mindburst (8)
Scrolls
 c - 2 scrolls of poison {unknown}
 f - a scroll of brand weapon {unknown}
 i - 4 scrolls of fog
 j - 3 scrolls of magic mapping {unknown}
 m - 2 scrolls of identify {unknown}
 n - 2 scrolls of fear {unknown}
 o - a scroll of torment {unknown}
 p - 3 scrolls of noise {unknown}
 v - 2 scrolls of blinking {unknown}
Potions
 b - 2 potions of lignification
 d - 2 potions of magic {unknown}
 e - 4 potions of cancellation {unknown}
 g - 2 potions of attraction {unknown}
 h - 2 potions of curing {unknown}
 k - a potion of brilliance {unknown}
 r - 4 potions of heal wounds {unknown}
 t - a potion of ambrosia {unknown}
 u - a potion of flight {unknown}


   Skills:
 - Level 1.1 Fighting
 - Level 1.6 Dodging
 - Level 3.0 Unarmed Combat
 + Level 3.4 Spellcasting
 * Level 5.0 Transmutations
 - Level 2.0 Poison Magic


You had 5 spell levels left.
You knew the following spells:

 Your Spells              Type           Power      Damage    Failure   Level
a - Beastly Appendage     Tmut           38%        N/A       9%          1
b - Wereblood             Tmut           19%        N/A       11%         2
c - Spider Form           Tmut/Pois      14%        N/A       30%         3

Your spell library contained the following spells:

 Spells                   Type           Power      Damage    Failure   Level
 Ice Form                 Ice/Tmut       10%        N/A       75%         4
 Simulacrum               Ice/Necr       1%         N/A       100%        6
 Ozocubu's Refrigeration  Ice            1%         4d7       100%        7
 Polar Vortex             Ice            1%         N/A       100%        9


Dungeon Overview and Level Annotations

Branches:
Dungeon (3/15)

Altars:

Annotations:
D:2 Sigmund
D:3 Vorhees's ghost, amateur TrGl


Innate Abilities, Weirdness & Mutations

You are a venomous arachnid creature.
You have venomous fangs.
You are tiny and dextrous.
Your spellcasting is less reliable in this form.
Your armour is entirely melded.
You are incapable of wielding weapons or throwing items.
((Your serpentine skin is tough. (AC +2)))
You have supernaturally acute eyesight. (SInv)
((Armour fits poorly on your strangely shaped body.))
((Your system is resistant to poisons. (rPois)))
((You cover ground very slowly.))
You can spit poison.
((You have a snake-like lower body.))


Message History

Your +0 robe unmelds from your body.
Vorhees's ghost hits you!
You barely miss Vorhees's ghost.
Vorhees's ghost is heavily damaged.
Vorhees's ghost closely misses you.
Casting: Spider Form (dangerous; 13% risk of failure)
Confirm with . or Enter, or press ? or * to list all spells.
You turn into a venomous arachnid creature.
The +1 Delatra's gloves {ID++} melds into your body.
Your +0 robe melds into your body.
Vorhees's ghost closely misses you.
You barely miss Vorhees's ghost.
Vorhees's ghost is heavily damaged.
Vorhees's ghost hits you.
You hit Vorhees's ghost.
Vorhees's ghost is severely damaged.
Vorhees's ghost completely misses you.
You barely miss Vorhees's ghost.
Vorhees's ghost is severely damaged.
Vorhees's ghost hits you but does no damage.
You hit Vorhees's ghost.
Vorhees's ghost is severely damaged.
Vorhees's ghost whispers, "Trust me.
Just give in."
Vorhees's ghost completely misses you.
You hit Vorhees's ghost.
Vorhees's ghost is almost destroyed.
Vorhees's ghost misses you.
You hit Vorhees's ghost.
Vorhees's ghost is almost destroyed.
Vorhees's ghost completely misses you.
You barely miss Vorhees's ghost.
Vorhees's ghost is almost destroyed.
Vorhees's ghost stares at you. Vorhees's ghost hits you!
* * * LOW HITPOINT WARNING * * *
You hit Vorhees's ghost.
Vorhees's ghost is almost destroyed.
Vorhees's ghost closely misses you.
As you read the scroll labelled UNANIF POETI, it crumbles to dust.
The scroll dissolves into smoke.
It was a scroll of fog.
Vorhees's ghost hits you!
You die...

##
#.##.##...#.#..#...#
#..##..###...##†...#
#....#..#.###))....#
####.##.#.#...÷.).##
#..##..#...##.## #
#..........##[# #
#..####.§####.# #
##......§§###.# #
######.§§s§..# #
#.§#W#§.### #
#.##§##...# #######
#.##~####.# ......#
#.##~# #.# #####.#
#.##~# #.# # #.#
#..#$# #.# #.###
####~# #.# #...# ###
#.#


You could see Vorhees's ghost.

Vanquished Creatures
  Jessica (D:2)
  An iguana (D:3)
  2 orc wizards (D:3)
  8 adders (D:3)
  An ufetubus (D:3)
  A worm (D:2)
  2 dart slugs (D:3)
  8 orcs (D:3)
  11 endoplasms
  3 giant cockroaches (D:1)
  4 hobgoblins
  5 jackals
  3 quokkas
  7 ball pythons
  8 bats
  5 frilled lizards
  6 kobolds
  11 rats
87 creatures vanquished.

Notes
Turn   | Place    | Note
-------+----------+-------------------------------------------
     0 | D:1      | Fartwhistle the Naga Transmuter began the quest for the
                  | Orb.
     0 | D:1      | Reached XP level 1. HP: 18/18 MP: 3/3
   190 | D:1      | Reached XP level 2. HP: 18/25 MP: 5/5
   548 | D:1      | Learned a level 2 spell: Wereblood
   664 | D:1      | Reached XP level 3. HP: 30/31 MP: 6/6
   991 | D:1      | Reached skill level 3 in Transmutations
  1314 | D:2      | Learned a level 3 spell: Spider Form
  1344 | D:2      | Found the +1 Delatra's gloves {ID++}
  1368 | D:2      | Noticed Jessica
  1392 | D:2      | Killed Jessica
  1393 | D:2      | Reached skill level 1 in Poison Magic
  1393 | D:2      | Reached XP level 4. HP: 10/38 MP: 6/8
  1830 | D:2      | Noticed Sigmund
  1925 | D:3      | Reached skill level 4 in Transmutations
  1925 | D:3      | Reached XP level 5. HP: 44/44 MP: 1/9
  2333 | D:3      | Found a runed translucent door.
  2337 | D:3      | Noticed Vorhees's ghost (amateur TrGl)
  2458 | D:3      | Reached XP level 6. HP: 51/51 MP: 5/10
  2689 | D:3      | Reached skill level 5 in Transmutations
  2930 | D:3      | Slain by Vorhees's ghost

Illustrated notes

Levels and vault maps discovered:
D:1:      sevenhm_arrival_forest_fort_large_4, layout_loops_ring,
          minmay_pentomino_t4
D:2:      layout_rooms, uniq_jessica, uniq_sigmund
D:3:      layout_loops_ring, ebering_ghost_sewer_d, minmay_pentomino_pile

Skill      XL: |  1  2  3  4  5  6 |
---------------+-------------------+-----
Transmutations | 3 4 5 |  5.0
Poison Magic   | 1 2 |  2.0
Spellcasting   | 3 |  3.4
Fighting       | |  1.1
Dodging        | |  1.6
Unarmed Combat | |  3.0

Action                     |  1- 3 |  4- 6 || total
---------------------------+-------+-------++-------
  Melee: Unarmed           |   124 |   160 ||   284
         Punch             |     3 |     1 ||     4
         Headbutt          |     4 |       ||     4
   Cast: Beastly Appendage |    10 |       ||    10
         Spider Form       |       |     7 ||     7
         Wereblood         |       |     2 ||     2
Ability: Spit Poison       |    16 |     1 ||    17
    Use: Scroll            |       |     1 ||     1
   Stab: Sleeping          |       |     2 ||     2
 Armour: Robe              |    32 |    35 ||    67
         Skin              |       |     4 ||     4
  Dodge: Dodged            |    62 |   120 ||   182
